Tamiflu vs Influenza
(R1)
Created - 6 janvier 2017 at 19:16
Goals
|
| Tamiflu |
1 |
2 |
1 |
0 |
1 |
4 |
| Influenza |
2 |
1 |
1 |
0 |
2 |
5 |
|
Shots
|
| Tamiflu |
13 |
8 |
9 |
0 |
3 |
30 |
| Influenza |
15 |
11 |
11 |
0 |
2 |
37 |
|
1st period
1. Influenza , Jamie Benn 16 (Jeff May) at 4:50
2. Influenza , Jeff May 1 (John Klingberg) at 10:02
3. Tamiflu , Greg Mauldin 15 (Petr Pohl, Tye McGinn) at 16:45
Penalties :
Colin Greening (Det) for Hooking (Minor) at 0:42, Jamie Benn (VJB) for Interference (Minor) at 13:01, Jamie Benn (VJB) for Holding (Minor) at 16:54
2nd period
4. Influenza , Charlie Coyle 3 (Corey Tropp, Ryan Russell) at 3:31
5. Tamiflu , Jordan Hendry 2 (Greg Mauldin, Petr Pohl) at 4:04
6. Tamiflu , Nino Niederreiter 14 (Greg Mauldin, Jordan Hendry) at 13:59
Penalties :
Philip Samuelsson (Det) for Roughing (Minor) at 4:17, Stefan Elliott (Det) for Hooking (Minor) at 9:26, Ben Smith (VJB) for Holding (Minor) at 13:47, Petr Pohl (Det) for Cross-checking (Minor) at 13:50, Petr Pohl (Det) for Goalie Interference (Minor) at 16:55, Mathieu Carle (VJB) for Hooking (Minor) at 17:20
3rd period
7. Influenza , Ben Smith 20 (Evgeny Grachev) at 5:28
8. Tamiflu , Colin Greening 3 (Justin Braun, Jamie Arniel) at 8:56
Penalties :
Stefan Elliott (Det) for Hooking (Minor) at 0:58, Evgeny Grachev (VJB) for Hooking (Minor) at 1:05, Stefan Elliott (Det) for Holding (Minor) at 14:27
Overtime #1
No Goal
Penalties :
No Penalty
Shootout
Penalty Shot by Mattias Tedenby for Tamiflu - Stopped by Thomas McCollum
Penalty Shot by Jamie Benn for Influenza - Goal!
Penalty Shot by Jamie Arniel for Tamiflu - Goal!
Penalty Shot by Robbie Earl for Influenza - Goal!
Penalty Shot by Robert Dome for Tamiflu - Stopped by Thomas McCollum
Penalties :
No Penalty
Goalie Stats
Thomas Greiss (Det), 33 saves from 37 shots - (0,892), OTL, 13-10-5, 65:00 minutes
Thomas McCollum (VJB), 26 saves from 30 shots - (0,867), W, 15-6-1, 65:00 minutes
Players Stats for Tamiflu
Player Name G A P +/- PIM S H SB GA TA FO MP PP MP PK MP
------------------------------------------------------------------------------------
Adam Larsson 0 0 0 -1 0 1 0 1 0 0 0/0 17:16 0:00 3:31
Casey Wellman 0 0 0 -1 0 1 2 0 0 0 0/4 11:45 0:00 4:30
Colin Greening 1 0 1 0 2 1 2 0 0 0 2/5 12:01 0:25 0:23
Greg Mauldin 1 2 3 3 0 4 1 0 0 0 11/16 20:12 2:10 1:54
Jamie Arniel 0 1 1 -2 0 1 1 1 2 0 9/21 16:25 1:54 2:14
Jordan Hendry 1 1 2 1 0 2 1 3 1 0 0/0 22:33 3:02 2:09
Justin Braun 0 1 1 -1 0 0 1 2 0 1 0/0 21:27 0:00 3:07
Mattias Tedenby 0 0 0 0 0 2 2 0 0 0 0/0 12:27 0:06 0:02
Mike Duco 0 0 0 0 0 1 1 0 0 0 0/0 9:53 0:04 0:00
Nathan Oystrick 0 0 0 0 0 0 1 2 1 1 0/0 23:53 1:31 5:21
Nino Niederreiter 1 0 1 -1 0 2 1 0 1 0 1/1 21:33 1:54 2:14
Petr Pohl 0 2 2 2 4 6 1 0 0 0 4/7 21:43 2:34 4:09
Philip Samuelsson 0 0 0 1 2 4 1 2 1 0 0/0 25:55 3:02 1:54
Rich Clune 0 0 0 -1 0 0 0 0 0 0 0/0 6:54 0:00 0:00
Robert Dome 0 0 0 -2 0 2 2 0 2 0 2/6 18:46 2:03 0:00
Stefan Elliott 0 0 0 0 6 2 1 1 0 0 0/0 19:10 1:36 1:00
Tobias Rieder 0 0 0 -1 0 0 0 0 0 0 1/1 7:28 0:04 0:00
Tye McGinn 0 1 1 2 0 1 2 0 0 0 0/1 16:39 2:19 1:36
Players Stats for Influenza
Player Name G A P +/- PIM S H SB GA TA FO MP PP MP PK MP
------------------------------------------------------------------------------------
Ben Smith 1 0 1 0 2 5 7 0 1 0 1/2 19:50 0:03 2:27
Carl Gunnarsson 0 0 0 2 0 1 0 2 0 0 0/0 23:38 3:39 1:20
Charlie Coyle 1 0 1 2 0 1 0 0 0 0 1/3 10:44 0:03 1:47
Corey Tropp 0 1 1 2 0 0 5 0 0 0 0/0 7:23 0:00 0:00
Evgeny Grachev 0 1 1 -1 2 4 0 0 0 0 19/34 22:32 4:50 0:00
Jamie Benn 1 0 1 0 4 6 2 0 0 2 1/3 22:37 4:48 0:10
Jeff May 1 1 2 1 0 1 2 2 0 2 0/0 16:08 4:48 0:18
Jeremy Morin 0 0 0 0 0 0 0 0 0 0 0/0 8:51 0:03 0:00
John Klingberg 0 1 1 -3 0 7 1 0 0 2 0/0 30:32 4:52 2:55
Mark Scheifele 0 0 0 -2 0 4 2 1 0 0 7/10 19:25 3:37 0:30
Martins Karsums 0 0 0 -1 0 5 0 0 1 0 0/0 17:09 3:40 0:00
Mathieu Carle 0 0 0 -3 2 1 2 0 0 0 0/0 29:41 4:51 2:55
Matt Corrente 0 0 0 2 0 0 3 0 0 1 0/0 23:48 3:39 1:20
Oskars Bartulis 0 0 0 1 0 0 1 0 0 0 0/0 11:21 0:00 0:18
Robbie Earl 0 0 0 -1 0 0 3 0 0 1 0/0 17:01 3:37 1:24
Ryan Carter 0 0 0 0 0 0 2 0 0 0 3/10 13:20 0:00 2:39
Ryan Russell 0 1 1 2 0 0 2 0 0 0 0/0 7:57 0:03 0:09
T.J Galiardi 0 0 0 0 0 2 2 1 0 0 0/0 8:03 0:00 0:00
3 Stars
1 - Greg Mauldin (Det)
2 - Jeff May (VJB)
3 - Jordan Hendry (Det)
Power Play
Tamiflu - 0 on 5 Attempt(s) - 0,00%
Influenza - 0 on 7 Attempt(s) - 0,00%
Penalty Kill
Tamiflu - 7 on 7 Attempt(s) - 100,00%
- Score 0 goal in Penalty Kill
Influenza - 5 on 5 Attempt(s) - 100,00%
- Score 0 goal in Penalty Kill
Team Stat
Tamiflu - Hits : 20 - Faceoff Wins : 30 - Blocked Shots : 12 - Penalty Minutes : 14
Influenza - Hits : 34 - Faceoff Wins : 32 - Blocked Shots : 6 - Penalty Minutes : 10
Official
Referees : Jackson Dave and Marouelli Dan
Linesman : Mike Cvik and Tony Sericolo
Game Notes
No Game Note
Finance
Level 1 -- Attendance: 1623 (81,15%) -- Ticket Income 64 920 $
Level 2 -- Attendance: 739 (73,90%) -- Ticket Income 14 780 $
Total Attendance: 2362 (78,73%)
Total Ticket Income: 79 700 $
Other Income: 3 985 $
Total Income: 83 685 $
Tamiflu
5 vs 5 Forward
Center Left Wing Right Wing Time % Phy DF OF
1 Greg Mauldin Tye McGinn Petr Pohl 35 1 2 2
2 Jamie Arniel Robert Dome Nino Niederreiter 35 0 2 3
3 Colin Greening Mattias Tedenby Mike Duco 20 1 2 2
4 Casey Wellman Tobias Rieder Rich Clune 10 1 2 2
5 vs 5 Defense
Defense Defense Time % Phy DF OF
1 Philip Samuelsson Stefan Elliott 40 1 2 2
2 Nathan Oystrick Jordan Hendry 30 1 2 2
3 Justin Braun Adam Larsson 20 1 2 2
4 Justin Braun Adam Larsson 10 1 3 1
PowerPlay Forward
Center Left Wing Right Wing Time % Phy DF OF
1 Greg Mauldin Robert Dome Petr Pohl 60 0 1 4
2 Jamie Arniel Tye McGinn Nino Niederreiter 40 0 1 4
PowerPlay Defense
Defense Defense Time % Phy DF OF
1 Philip Samuelsson Jordan Hendry 60 0 2 3
2 Nathan Oystrick Stefan Elliott 40 0 2 3
Penalty Kill 4 Players Forward
Center Wing Time % Phy DF OF
1 Petr Pohl Casey Wellman 60 1 3 1
2 Jamie Arniel Nino Niederreiter 40 1 3 1
Penalty Kill 4 Players Defense
Defense Defense Time % Phy DF OF
1 Nathan Oystrick Adam Larsson 50 1 3 1
2 Philip Samuelsson Justin Braun 50 1 3 1
Penalty Kill - 3 Players Forward
Forward Time % Phy DF OF
1 Petr Pohl 60 1 4 0
2 Nino Niederreiter 40 1 4 0
Penalty Kill - 3 Players Defense
Defense Defense Time % Phy DF OF
1 Nathan Oystrick Jordan Hendry 60 1 4 0
2 Philip Samuelsson Adam Larsson 40 1 4 0
4 vs 4 Forward
Center Wing Time % Phy DF OF
1 Greg Mauldin Petr Pohl 50 1 2 2
2 Robert Dome Nino Niederreiter 50 1 2 2
4 vs 4 Defense
Defense Defense Time % Phy DF OF
1 Philip Samuelsson Jordan Hendry 60 1 2 2
2 Nathan Oystrick Justin Braun 40 1 2 2
Last Minutes Offensive
Center Left Wing Right Wing Defense Defense
Greg Mauldin Nino Niederreiter Petr Pohl Philip Samuelsson Jordan Hendry
Last Minutes Defensive
Center Left Wing Right Wing Defense Defense
Jamie Arniel Petr Pohl Nino Niederreiter Philip Samuelsson Nathan Oystrick
Goaltenders
Starting : Thomas Greiss
Backup : Joe Fallon
Extra Forwards
Normal : Petr Pohl, Nino Niederreiter, Mattias Tedenby - PP : Mattias Tedenby, Tobias Rieder - PK : Greg Mauldin
Extra Defensemen
Normal : Philip Samuelsson, Jordan Hendry, Adam Larsson - PP : Nathan Oystrick - PK : Stefan Elliott, Jordan Hendry
Penalty Shots
Mattias Tedenby, Jamie Arniel, Robert Dome, Greg Mauldin, Casey Wellman
Influenza
5 vs 5 Forward
Center Left Wing Right Wing Time % Phy DF OF
1 Evgeny Grachev Jamie Benn Ben Smith 40 1 2 2
2 Mark Scheifele Robbie Earl Martins Karsums 30 1 2 2
3 Ryan Carter T.J Galiardi Jeremy Morin 20 1 2 2
4 Charlie Coyle Ryan Russell Corey Tropp 10 1 2 2
5 vs 5 Defense
Defense Defense Time % Phy DF OF
1 John Klingberg Mathieu Carle 40 1 2 2
2 Carl Gunnarsson Matt Corrente 30 1 2 2
3 Oskars Bartulis Jeff May 20 1 2 2
4 John Klingberg Mathieu Carle 10 1 2 2
PowerPlay Forward
Center Left Wing Right Wing Time % Phy DF OF
1 Evgeny Grachev Jamie Benn Jeff May 60 1 2 2
2 Mark Scheifele Robbie Earl Martins Karsums 40 1 2 2
PowerPlay Defense
Defense Defense Time % Phy DF OF
1 John Klingberg Mathieu Carle 60 1 2 2
2 Carl Gunnarsson Matt Corrente 40 1 2 2
Penalty Kill 4 Players Forward
Center Wing Time % Phy DF OF
1 Ryan Carter Ben Smith 60 1 2 2
2 Charlie Coyle Jamie Benn 40 1 2 2
Penalty Kill 4 Players Defense
Defense Defense Time % Phy DF OF
1 John Klingberg Mathieu Carle 60 1 2 2
2 Carl Gunnarsson Matt Corrente 40 1 2 2
Penalty Kill - 3 Players Forward
Forward Time % Phy DF OF
1 Ryan Carter 60 1 2 2
2 Charlie Coyle 40 1 2 2
Penalty Kill - 3 Players Defense
Defense Defense Time % Phy DF OF
1 John Klingberg Mathieu Carle 60 1 2 2
2 Carl Gunnarsson Matt Corrente 40 1 2 2
4 vs 4 Forward
Center Wing Time % Phy DF OF
1 Evgeny Grachev Ben Smith 60 1 2 2
2 Ryan Carter Jamie Benn 40 1 2 2
4 vs 4 Defense
Defense Defense Time % Phy DF OF
1 John Klingberg Mathieu Carle 60 1 2 2
2 Carl Gunnarsson Matt Corrente 40 1 2 2
Last Minutes Offensive
Center Left Wing Right Wing Defense Defense
Evgeny Grachev Jamie Benn Martins Karsums John Klingberg Mathieu Carle
Last Minutes Defensive
Center Left Wing Right Wing Defense Defense
Charlie Coyle Robbie Earl Jeremy Morin John Klingberg Mathieu Carle
Goaltenders
Starting : Thomas McCollum
Backup : Olivier Roy
Extra Forwards
Normal : Mark Scheifele, Ben Smith, Martins Karsums - PP : Mark Scheifele, Evgeny Grachev - PK : Charlie Coyle
Extra Defensemen
Normal : Carl Gunnarsson, John Klingberg, Matt Corrente - PP : Carl Gunnarsson - PK : Carl Gunnarsson, Oskars Bartulis
Penalty Shots
Jamie Benn, Robbie Earl, Mark Scheifele, John Klingberg, Ryan Carter
% Time on Ice - Tamiflu
Lines # - Real PCT - Wanted PCT - Time Play
Normal Forward
1 - 31% - 35% - 12:49
2 - 30% - 35% - 12:17
3 - 23% - 20% - 9:34
4 - 17% - 10% - 6:54
Normal Defense
1 - 38% - 40% - 15:45
2 - 31% - 30% - 12:41
3 - 23% - 20% - 9:28
4 - 9% - 10% - 3:40
PP Forward
1 - 58% - 60% - 2:39
2 - 42% - 40% - 1:54
PP Defense
1 - 67% - 60% - 3:02
2 - 33% - 40% - 1:31
PK Forward
1 - 74% - 60% - 6:17
2 - 26% - 40% - 2:14
PK Defense
1 - 63% - 50% - 5:24
2 - 37% - 50% - 3:07
PK3 Forward
1 - 0% - 60%
2 - 0% - 40%
PK3 Defense
1 - 0% - 60%
2 - 0% - 40%
44 Forward
1 - 49% - 50% - 5:04
2 - 51% - 50% - 5:18
44 Defense
1 - 54% - 60% - 5:36
2 - 46% - 40% - 4:46
Last Minute Offensive - 0:00
Last Minute Defensive - 0:00
Total
Forward - 65:00
Defense - 65:00
|
% Time on Ice - Influenza
Lines # - Real PCT - Wanted PCT - Time Play
Normal Forward
1 - 36% - 40% - 14:46
2 - 27% - 30% - 11:22
3 - 19% - 20% - 8:03
4 - 18% - 10% - 7:23
Normal Defense
1 - 41% - 40% - 17:08
2 - 33% - 30% - 13:39
3 - 25% - 20% - 10:19
4 - 1% - 10% - 0:28
PP Forward
1 - 58% - 60% - 4:54
2 - 42% - 40% - 3:37
PP Defense
1 - 57% - 60% - 4:52
2 - 43% - 40% - 3:39
PK Forward
1 - 72% - 60% - 3:16
2 - 28% - 40% - 1:17
PK Defense
1 - 71% - 60% - 3:13
2 - 29% - 40% - 1:20
PK3 Forward
1 - 0% - 60%
2 - 0% - 40%
PK3 Defense
1 - 0% - 60%
2 - 0% - 40%
44 Forward
1 - 79% - 60% - 8:12
2 - 21% - 40% - 2:10
44 Defense
1 - 56% - 60% - 5:49
2 - 44% - 40% - 4:33
Last Minute Offensive - 0:00
Last Minute Defensive - 0:00
Total
Forward - 65:00
Defense - 65:00
|
Play by Play
1st period
0:01 of 1st period - Evgeny Grachev wins face-off versus Greg Mauldin in neutral zone.
0:10 of 1st period - Snap shot by Greg Mauldin.
0:10 of 1st period - Deflect By Tye McGinn.
0:10 of 1st period - Stopped by Thomas McCollum with a rebound.
0:14 of 1st period - Wrist shot by Petr Pohl.
0:14 of 1st period - Shot Misses the Net.
0:39 of 1st period - Snap shot by Martins Karsums.
0:39 of 1st period - Deflect By Mark Scheifele.
0:39 of 1st period - Shot Blocked by Nathan Oystrick.
0:39 of 1st period - Puck is out of play.
0:40 of 1st period - Colin Greening wins face-off versus Ryan Carter in Tamiflu zone.
0:42 of 1st period - Minor Penalty to Colin Greening for Hooking.
0:43 of 1st period - Petr Pohl wins face-off versus Evgeny Grachev in Tamiflu zone.
0:43 of 1st period - Petr Pohl is hit by Jamie Benn.
1:31 of 1st period - Icing by Jeff May.
1:32 of 1st period - Petr Pohl wins face-off versus Jamie Benn in Influenza zone.
2:42 of 1st period - Penalty to Colin Greening is over, Colin Greening is back on ice.
2:58 of 1st period - Slapshot by John Klingberg.
2:58 of 1st period - Deflect By T.J Galiardi.
2:58 of 1st period - Shot Blocked by Philip Samuelsson.
2:58 of 1st period - Puck is out of play.
2:59 of 1st period - Jamie Arniel wins face-off versus Charlie Coyle in Tamiflu zone.
4:16 of 1st period - Snap shot by Evgeny Grachev.
4:16 of 1st period - Stopped by Thomas Greiss without a rebound.
4:17 of 1st period - Evgeny Grachev wins face-off versus Jamie Arniel in Tamiflu zone.
4:20 of 1st period - Wrist shot by Jamie Benn.
4:20 of 1st period - Shot Misses the Net.
4:22 of 1st period - Backhand shot by Ben Smith.
4:22 of 1st period - Stopped by Thomas Greiss with a rebound.
4:24 of 1st period - Slapshot by Oskars Bartulis.
4:24 of 1st period - Shot Blocked by Jamie Arniel.
4:26 of 1st period - Snap shot by Ben Smith.
4:26 of 1st period - Stopped by Thomas Greiss without a rebound.
4:27 of 1st period - Jamie Arniel wins face-off versus Evgeny Grachev in Tamiflu zone.
4:34 of 1st period - Snap shot by Evgeny Grachev.
4:34 of 1st period - Stopped by Thomas Greiss with a rebound.
4:36 of 1st period - Wrist shot by Jamie Benn.
4:36 of 1st period - Deflect By Ben Smith.
4:36 of 1st period - Stopped by Thomas Greiss with a rebound.
4:38 of 1st period - Wrist shot by Jamie Benn.
4:38 of 1st period - Stopped by Thomas Greiss with a rebound.
4:40 of 1st period - Snap shot by Jamie Benn.
4:40 of 1st period - Shot Blocked by Justin Braun.
4:48 of 1st period - Snap shot by Jamie Benn.
4:48 of 1st period - Shot Misses the Net.
4:50 of 1st period - Slapshot by Jamie Benn.
4:50 of 1st period - Goal by Jamie Benn - Tamiflu : 0 - Influenza : 1.
4:51 of 1st period - Evgeny Grachev wins face-off versus Tye McGinn in neutral zone.
5:00 of 1st period - Snap shot by Petr Pohl.
5:00 of 1st period - Stopped by Thomas McCollum with a rebound.
5:02 of 1st period - Slapshot by Philip Samuelsson.
5:02 of 1st period - Stopped by Thomas McCollum with a rebound.
5:04 of 1st period - Slapshot by Petr Pohl.
5:04 of 1st period - Deflect By Greg Mauldin.
5:04 of 1st period - Shot Misses the Net.
5:04 of 1st period - Puck is out of play.
5:05 of 1st period - Greg Mauldin wins face-off versus Ryan Carter in Influenza zone.
5:18 of 1st period - Wrist shot by T.J Galiardi.
5:18 of 1st period - Shot Misses the Net.
5:53 of 1st period - Backhand shot by Philip Samuelsson.
5:53 of 1st period - Stopped by Thomas McCollum without a rebound.
5:54 of 1st period - Mark Scheifele wins face-off versus Casey Wellman in Influenza zone.
6:25 of 1st period - Snap shot by Mark Scheifele.
6:25 of 1st period - Stopped by Thomas Greiss with a rebound.
6:27 of 1st period - Slapshot by Oskars Bartulis.
6:27 of 1st period - Deflect By Robbie Earl.
6:27 of 1st period - Shot Misses the Net.
6:27 of 1st period - Puck is out of play.
6:28 of 1st period - Greg Mauldin wins face-off versus Evgeny Grachev in Tamiflu zone.
6:28 of 1st period - Greg Mauldin is hit by Ben Smith.
6:36 of 1st period - Evgeny Grachev is hit by Tye McGinn and loses puck.
6:53 of 1st period - Jamie Arniel is hit by Corey Tropp and loses puck.
8:24 of 1st period - Philip Samuelsson is hit by T.J Galiardi and loses puck.
8:31 of 1st period - Snap shot by Robert Dome.
8:31 of 1st period - Shot Misses the Net.
8:33 of 1st period - Snap shot by Stefan Elliott.
8:33 of 1st period - Stopped by Thomas McCollum without a rebound.
8:34 of 1st period - Mark Scheifele wins face-off versus Colin Greening in Influenza zone.
8:59 of 1st period - Slapshot by Greg Mauldin.
8:59 of 1st period - Shot Misses the Net.
9:01 of 1st period - Slapshot by Philip Samuelsson.
9:01 of 1st period - Stopped by Thomas McCollum without a rebound.
9:02 of 1st period - Greg Mauldin wins face-off versus Evgeny Grachev in Influenza zone.
9:29 of 1st period - Ben Smith is hit by Petr Pohl and loses puck.
9:34 of 1st period - Snap shot by Petr Pohl.
9:34 of 1st period - Shot Misses the Net.
9:36 of 1st period - Slapshot by Philip Samuelsson.
9:36 of 1st period - Stopped by Thomas McCollum without a rebound.
9:37 of 1st period - Ryan Carter wins face-off versus Jamie Arniel in Influenza zone.
10:02 of 1st period - Slapshot by Jeff May.
10:02 of 1st period - Goal by Jeff May - Tamiflu : 0 - Influenza : 2.
10:03 of 1st period - Jamie Arniel wins face-off versus Evgeny Grachev in neutral zone.
10:10 of 1st period - Snap shot by Jamie Benn.
10:10 of 1st period - Stopped by Thomas Greiss with a rebound.
10:12 of 1st period - Slapshot by John Klingberg.
10:12 of 1st period - Stopped by Thomas Greiss with a rebound.
10:14 of 1st period - Snap shot by Evgeny Grachev.
10:14 of 1st period - Shot Misses the Net.
12:31 of 1st period - Snap shot by Evgeny Grachev.
12:31 of 1st period - Shot Misses the Net.
12:33 of 1st period - Slapshot by Mathieu Carle.
12:33 of 1st period - Deflect By Jamie Benn.
12:33 of 1st period - Shot Misses the Net.
12:33 of 1st period - Puck is out of play.
12:34 of 1st period - Evgeny Grachev wins face-off versus Jamie Arniel in Tamiflu zone.
12:41 of 1st period - Snap shot by Jamie Benn.
12:41 of 1st period - Stopped by Thomas Greiss without a rebound.
12:42 of 1st period - Jamie Arniel wins face-off versus Evgeny Grachev in Tamiflu zone.
12:42 of 1st period - Jamie Arniel is hit by Ben Smith.
12:54 of 1st period - Wrist shot by Ben Smith.
12:54 of 1st period - Stopped by Thomas Greiss with a rebound.
13:01 of 1st period - Minor Penalty to Jamie Benn for Interference.
13:02 of 1st period - Greg Mauldin wins face-off versus Ryan Carter in Influenza zone.
13:06 of 1st period - Slapshot by Greg Mauldin.
13:06 of 1st period - Stopped by Thomas McCollum without a rebound.
13:07 of 1st period - Ryan Carter wins face-off versus Greg Mauldin in Influenza zone.
14:13 of 1st period - Snap shot by Jamie Arniel.
14:13 of 1st period - Stopped by Thomas McCollum without a rebound.
14:14 of 1st period - Greg Mauldin wins face-off versus Ryan Carter in Influenza zone.
14:19 of 1st period - Wrist shot by Robert Dome.
14:19 of 1st period - Stopped by Thomas McCollum without a rebound.
14:20 of 1st period - Ryan Carter wins face-off versus Greg Mauldin in Influenza zone.
15:01 of 1st period - Penalty to Jamie Benn is over, Jamie Benn is back on ice.
15:07 of 1st period - Wrist shot by Mark Scheifele.
15:07 of 1st period - Stopped by Thomas Greiss with a rebound.
15:09 of 1st period - Slapshot by John Klingberg.
15:09 of 1st period - Stopped by Thomas Greiss without a rebound.
15:10 of 1st period - Colin Greening wins face-off versus Mark Scheifele in Tamiflu zone.
15:10 of 1st period - Colin Greening is hit by Robbie Earl.
15:20 of 1st period - Mike Duco is hit by Matt Corrente and loses puck.
15:35 of 1st period - Corey Tropp is hit by Tye McGinn and loses puck.
15:42 of 1st period - Justin Braun is hit by Corey Tropp and loses puck.
16:18 of 1st period - Snap shot by Casey Wellman.
16:18 of 1st period - Stopped by Thomas McCollum without a rebound.
16:19 of 1st period - Mark Scheifele wins face-off versus Casey Wellman in Influenza zone.
16:24 of 1st period - Robbie Earl is hit by Casey Wellman.
16:34 of 1st period - Wrist shot by Robbie Earl.
16:34 of 1st period - Deflect By Jordan Hendry.
16:34 of 1st period - Shot Blocked by Jordan Hendry.
16:34 of 1st period - Puck is out of play.
16:35 of 1st period - Greg Mauldin wins face-off versus Evgeny Grachev in Tamiflu zone.
16:35 of 1st period - Greg Mauldin is hit by Ben Smith.
16:45 of 1st period - Wrist shot by Greg Mauldin.
16:45 of 1st period - Goal by Greg Mauldin - Tamiflu : 1 - Influenza : 2.
16:46 of 1st period - Greg Mauldin wins face-off versus Evgeny Grachev in neutral zone.
16:51 of 1st period - Slapshot by Greg Mauldin.
16:51 of 1st period - Stopped by Thomas McCollum without a rebound.
16:52 of 1st period - Evgeny Grachev wins face-off versus Greg Mauldin in Influenza zone.
16:54 of 1st period - Minor Penalty to Jamie Benn for Holding.
16:55 of 1st period - Greg Mauldin wins face-off versus Ryan Carter in Influenza zone.
17:21 of 1st period - John Klingberg is hit by Philip Samuelsson and loses puck.
18:54 of 1st period - Penalty to Jamie Benn is over, Jamie Benn is back on ice.
19:04 of 1st period - Jamie Benn is hit by Mattias Tedenby and loses puck.
Goals for this period are 1 for Tamiflu vs 2 for Influenza.
Shots for this period are 13 for Tamiflu vs 15 for Influenza.
2nd period
0:01 of 2nd period - Jamie Arniel wins face-off versus Evgeny Grachev in neutral zone.
0:14 of 2nd period - Snap shot by Evgeny Grachev.
0:14 of 2nd period - Stopped by Thomas Greiss with a rebound.
1:12 of 2nd period - Slapshot by Philip Samuelsson.
1:12 of 2nd period - Deflect By Rich Clune.
1:12 of 2nd period - Shot Misses the Net.
1:12 of 2nd period - Puck is out of play.
1:13 of 2nd period - Evgeny Grachev wins face-off versus Jamie Arniel in Influenza zone.
1:43 of 2nd period - Wrist shot by Petr Pohl.
1:43 of 2nd period - Stopped by Thomas McCollum with a rebound.
2:18 of 2nd period - Slapshot by Ryan Russell.
2:18 of 2nd period - Shot Blocked by Nathan Oystrick.
2:20 of 2nd period - Wrist shot by Ryan Russell.
2:20 of 2nd period - Deflect By Corey Tropp.
2:20 of 2nd period - Shot Misses the Net.
2:20 of 2nd period - Puck is out of play.
2:21 of 2nd period - Tobias Rieder wins face-off versus Charlie Coyle in Tamiflu zone.
2:39 of 2nd period - Snap shot by Rich Clune.
2:39 of 2nd period - Shot Blocked by Carl Gunnarsson.
2:41 of 2nd period - Wrist shot by Casey Wellman.
2:41 of 2nd period - Shot Misses the Net.
2:43 of 2nd period - Slapshot by Tobias Rieder.
2:43 of 2nd period - Shot Misses the Net.
3:29 of 2nd period - Snap shot by Charlie Coyle.
3:29 of 2nd period - Shot Blocked by Stefan Elliott.
3:31 of 2nd period - Snap shot by Charlie Coyle.
3:31 of 2nd period - Goal by Charlie Coyle - Tamiflu : 1 - Influenza : 3.
3:32 of 2nd period - Evgeny Grachev wins face-off versus Jamie Arniel in neutral zone.
3:43 of 2nd period - Jordan Hendry is hit by Jamie Benn and loses puck.
4:00 of 2nd period - Wrist shot by Greg Mauldin.
4:00 of 2nd period - Shot Misses the Net.
4:02 of 2nd period - Slapshot by Jordan Hendry.
4:02 of 2nd period - Stopped by Thomas McCollum with a rebound.
4:04 of 2nd period - Wrist shot by Jordan Hendry.
4:04 of 2nd period - Deflect By Mathieu Carle.
4:04 of 2nd period - Goal by Jordan Hendry - Tamiflu : 2 - Influenza : 3.
4:05 of 2nd period - Evgeny Grachev wins face-off versus Jamie Arniel in neutral zone.
4:17 of 2nd period - Minor Penalty to Philip Samuelsson for Roughing.
4:18 of 2nd period - Evgeny Grachev wins face-off versus Casey Wellman in Tamiflu zone.
4:19 of 2nd period - Slapshot by John Klingberg.
4:19 of 2nd period - Deflect By Stefan Elliott.
4:19 of 2nd period - Stopped by Thomas Greiss with a rebound.
4:33 of 2nd period - Wrist shot by Jeff May.
4:33 of 2nd period - Shot Misses the Net.
5:41 of 2nd period - Tye McGinn is hit by Jeff May.
6:13 of 2nd period - Greg Mauldin is hit by Robbie Earl and loses puck.
6:17 of 2nd period - Penalty to Philip Samuelsson is over, Philip Samuelsson is back on ice.
6:24 of 2nd period - Greg Mauldin is hit by Corey Tropp.
6:27 of 2nd period - Off-side.
6:28 of 2nd period - Charlie Coyle wins face-off versus Jamie Arniel in neutral zone.
6:33 of 2nd period - Slapshot by John Klingberg.
6:33 of 2nd period - Stopped by Thomas Greiss without a rebound.
6:34 of 2nd period - Jamie Arniel wins face-off versus Evgeny Grachev in Tamiflu zone.
7:07 of 2nd period - Slapshot by Greg Mauldin.
7:07 of 2nd period - Shot Blocked by T.J Galiardi.
7:21 of 2nd period - Mike Duco is hit by Robbie Earl and loses puck.
7:44 of 2nd period - Casey Wellman is hit by Ben Smith and loses puck.
8:24 of 2nd period - Wrist shot by Petr Pohl.
8:24 of 2nd period - Stopped by Thomas McCollum with a rebound.
8:26 of 2nd period - Slapshot by Justin Braun.
8:26 of 2nd period - Shot Blocked by Mark Scheifele.
8:28 of 2nd period - Slapshot by Justin Braun.
8:28 of 2nd period - Shot Misses the Net.
8:38 of 2nd period - Snap shot by Mike Duco.
8:38 of 2nd period - Stopped by Thomas McCollum with a rebound.
8:57 of 2nd period - Snap shot by Martins Karsums.
8:57 of 2nd period - Stopped by Thomas Greiss with a rebound.
9:09 of 2nd period - Snap shot by Martins Karsums.
9:09 of 2nd period - Shot Misses the Net.
9:11 of 2nd period - Snap shot by Martins Karsums.
9:11 of 2nd period - Stopped by Thomas Greiss without a rebound.
9:12 of 2nd period - Greg Mauldin wins face-off versus Ben Smith in Tamiflu zone.
9:26 of 2nd period - Minor Penalty to Stefan Elliott for Hooking.
9:27 of 2nd period - Petr Pohl wins face-off versus Evgeny Grachev in Tamiflu zone.
9:37 of 2nd period - Snap shot by Casey Wellman.
9:37 of 2nd period - Deflect By Evgeny Grachev.
9:37 of 2nd period - Shot Misses the Net.
9:37 of 2nd period - Puck is out of play.
9:38 of 2nd period - Evgeny Grachev wins face-off versus Petr Pohl in Influenza zone.
9:45 of 2nd period - Wrist shot by Jamie Benn.
9:45 of 2nd period - Shot Misses the Net.
9:47 of 2nd period - Slapshot by Jamie Benn.
9:47 of 2nd period - Stopped by Thomas Greiss with a rebound.
10:23 of 2nd period - Slapshot by John Klingberg.
10:23 of 2nd period - Stopped by Thomas Greiss with a rebound.
10:25 of 2nd period - Wrist shot by Mathieu Carle.
10:25 of 2nd period - Stopped by Thomas Greiss with a rebound.
11:07 of 2nd period - Tye McGinn is hit by Matt Corrente.
11:26 of 2nd period - Penalty to Stefan Elliott is over, Stefan Elliott is back on ice.
11:42 of 2nd period - Mathieu Carle is hit by Mattias Tedenby and loses puck.
11:54 of 2nd period - Jeremy Morin is hit by Nino Niederreiter.
12:06 of 2nd period - Carl Gunnarsson is hit by Nathan Oystrick and loses puck.
12:23 of 2nd period - Nathan Oystrick is hit by Oskars Bartulis and loses puck.
12:48 of 2nd period - Wrist shot by Petr Pohl.
12:48 of 2nd period - Stopped by Thomas McCollum with a rebound.
12:50 of 2nd period - Slapshot by Adam Larsson.
12:50 of 2nd period - Shot Blocked by Jeff May.
12:52 of 2nd period - Snap shot by Petr Pohl.
12:52 of 2nd period - Deflect By Oskars Bartulis.
12:52 of 2nd period - Shot Misses the Net.
12:52 of 2nd period - Puck is out of play.
12:53 of 2nd period - Jamie Arniel wins face-off versus Jamie Benn in Influenza zone.
13:46 of 2nd period - Snap shot by T.J Galiardi.
13:46 of 2nd period - Stopped by Thomas Greiss without a rebound.
13:47 of 2nd period - Evgeny Grachev wins face-off versus Jamie Arniel in Tamiflu zone.
13:47 of 2nd period - Minor Penalty to Ben Smith for Holding.
13:48 of 2nd period - Greg Mauldin wins face-off versus Ryan Carter in Influenza zone.
13:50 of 2nd period - Minor Penalty to Petr Pohl for Cross-checking.
13:51 of 2nd period - Greg Mauldin wins face-off versus Evgeny Grachev in Tamiflu zone.
13:59 of 2nd period - Slapshot by Nino Niederreiter.
13:59 of 2nd period - Goal by Nino Niederreiter - Tamiflu : 3 - Influenza : 3.
14:00 of 2nd period - Evgeny Grachev wins face-off versus Robert Dome in neutral zone.
15:47 of 2nd period - Penalty to Ben Smith is over, Ben Smith is back on ice.
15:50 of 2nd period - Penalty to Petr Pohl is over, Petr Pohl is back on ice.
16:01 of 2nd period - Snap shot by Evgeny Grachev.
16:01 of 2nd period - Shot Misses the Net.
16:03 of 2nd period - Slapshot by Carl Gunnarsson.
16:03 of 2nd period - Deflect By Petr Pohl.
16:03 of 2nd period - Stopped by Thomas Greiss without a rebound.
16:04 of 2nd period - Robert Dome wins face-off versus Ryan Carter in Tamiflu zone.
16:39 of 2nd period - Stefan Elliott is hit by Mathieu Carle and loses puck.
16:55 of 2nd period - Minor Penalty to Petr Pohl for Goalie Interference.
16:56 of 2nd period - Jamie Benn wins face-off versus Greg Mauldin in Tamiflu zone.
17:20 of 2nd period - Minor Penalty to Mathieu Carle for Hooking.
17:21 of 2nd period - Evgeny Grachev wins face-off versus Robert Dome in Influenza zone.
17:46 of 2nd period - Evgeny Grachev is hit by Jordan Hendry and loses puck.
18:12 of 2nd period - Justin Braun is hit by Ryan Carter and loses puck.
18:33 of 2nd period - Ben Smith is hit by Justin Braun and loses puck.
18:55 of 2nd period - Penalty to Petr Pohl is over, Petr Pohl is back on ice.
19:20 of 2nd period - Penalty to Mathieu Carle is over, Mathieu Carle is back on ice.
19:37 of 2nd period - Wrist shot by Petr Pohl.
19:37 of 2nd period - Stopped by Thomas McCollum without a rebound.
19:38 of 2nd period - Jamie Arniel wins face-off versus Mark Scheifele in Influenza zone.
Goals for this period are 2 for Tamiflu vs 1 for Influenza.
Shots for this period are 8 for Tamiflu vs 11 for Influenza.
3rd period
0:01 of 3rd period - Nino Niederreiter wins face-off versus Evgeny Grachev in neutral zone.
0:25 of 3rd period - Evgeny Grachev is hit by Colin Greening and loses puck.
0:51 of 3rd period - Snap shot by Martins Karsums.
0:51 of 3rd period - Stopped by Thomas Greiss without a rebound.
0:52 of 3rd period - Mark Scheifele wins face-off versus Jamie Arniel in Tamiflu zone.
0:58 of 3rd period - Minor Penalty to Stefan Elliott for Hooking.
0:59 of 3rd period - Evgeny Grachev wins face-off versus Petr Pohl in Tamiflu zone.
1:05 of 3rd period - Minor Penalty to Evgeny Grachev for Hooking.
1:06 of 3rd period - Mark Scheifele wins face-off versus Robert Dome in Influenza zone.
1:11 of 3rd period - Robert Dome is hit by Mark Scheifele and loses puck.
1:18 of 3rd period - Slapshot by Nino Niederreiter.
1:18 of 3rd period - Stopped by Thomas McCollum with a rebound.
1:20 of 3rd period - Wrist shot by Robert Dome.
1:20 of 3rd period - Shot Misses the Net.
1:22 of 3rd period - Snap shot by Robert Dome.
1:22 of 3rd period - Stopped by Thomas McCollum with a rebound.
1:32 of 3rd period - Philip Samuelsson is hit by Ben Smith.
2:58 of 3rd period - Penalty to Stefan Elliott is over, Stefan Elliott is back on ice.
3:05 of 3rd period - Penalty to Evgeny Grachev is over, Evgeny Grachev is back on ice.
3:22 of 3rd period - Snap shot by Ryan Carter.
3:22 of 3rd period - Shot Misses the Net.
3:24 of 3rd period - Snap shot by Oskars Bartulis.
3:24 of 3rd period - Shot Misses the Net.
3:32 of 3rd period - Slapshot by Evgeny Grachev.
3:32 of 3rd period - Stopped by Thomas Greiss without a rebound.
3:33 of 3rd period - Mark Scheifele wins face-off versus Casey Wellman in Tamiflu zone.
3:34 of 3rd period - Snap shot by Martins Karsums.
3:34 of 3rd period - Shot Blocked by Adam Larsson.
3:38 of 3rd period - Wrist shot by Mark Scheifele.
3:38 of 3rd period - Stopped by Thomas Greiss with a rebound.
3:40 of 3rd period - Snap shot by Martins Karsums.
3:40 of 3rd period - Stopped by Thomas Greiss with a rebound.
3:42 of 3rd period - Snap shot by Martins Karsums.
3:42 of 3rd period - Deflect By Mark Scheifele.
3:42 of 3rd period - Stopped by Thomas Greiss with a rebound.
3:44 of 3rd period - Snap shot by Martins Karsums.
3:44 of 3rd period - Stopped by Thomas Greiss with a rebound.
4:00 of 3rd period - Jeff May is hit by Colin Greening and loses puck.
5:28 of 3rd period - Slapshot by Ben Smith.
5:28 of 3rd period - Goal by Ben Smith - Tamiflu : 3 - Influenza : 4.
5:29 of 3rd period - Ben Smith wins face-off versus Jamie Arniel in neutral zone.
6:46 of 3rd period - Snap shot by Casey Wellman.
6:46 of 3rd period - Shot Misses the Net.
7:00 of 3rd period - Wrist shot by John Klingberg.
7:00 of 3rd period - Stopped by Thomas Greiss with a rebound.
7:06 of 3rd period - Slapshot by Stefan Elliott.
7:06 of 3rd period - Stopped by Thomas McCollum with a rebound.
7:16 of 3rd period - Robbie Earl is hit by Stefan Elliott and loses puck.
7:41 of 3rd period - Corey Tropp is hit by Mike Duco and loses puck.
7:54 of 3rd period - Rich Clune is hit by T.J Galiardi and loses puck.
8:21 of 3rd period - Greg Mauldin is hit by Jeff May and loses puck.
8:36 of 3rd period - Jamie Arniel is hit by Ryan Russell and loses puck.
8:56 of 3rd period - Snap shot by Colin Greening.
8:56 of 3rd period - Goal by Colin Greening - Tamiflu : 4 - Influenza : 4.
8:57 of 3rd period - Evgeny Grachev wins face-off versus Jamie Arniel in neutral zone.
9:22 of 3rd period - Petr Pohl is hit by Mathieu Carle and loses puck.
9:33 of 3rd period - Wrist shot by Petr Pohl.
9:33 of 3rd period - Stopped by Thomas McCollum with a rebound.
9:51 of 3rd period - Matt Corrente is hit by Greg Mauldin and loses puck.
10:17 of 3rd period - Wrist shot by Mattias Tedenby.
10:17 of 3rd period - Stopped by Thomas McCollum with a rebound.
10:19 of 3rd period - Snap shot by Philip Samuelsson.
10:19 of 3rd period - Shot Blocked by Carl Gunnarsson.
10:51 of 3rd period - Martins Karsums is hit by Casey Wellman.
11:29 of 3rd period - Philip Samuelsson is hit by Corey Tropp and loses puck.
12:03 of 3rd period - Slapshot by John Klingberg.
12:03 of 3rd period - Stopped by Thomas Greiss without a rebound.
12:04 of 3rd period - Evgeny Grachev wins face-off versus Colin Greening in Tamiflu zone.
12:40 of 3rd period - Robbie Earl is hit by Robert Dome and loses puck.
13:34 of 3rd period - Colin Greening is hit by Corey Tropp and loses puck.
13:53 of 3rd period - Wrist shot by Ryan Carter.
13:53 of 3rd period - Shot Blocked by Justin Braun.
13:55 of 3rd period - Snap shot by Jeremy Morin.
13:55 of 3rd period - Shot Misses the Net.
13:57 of 3rd period - Wrist shot by T.J Galiardi.
13:57 of 3rd period - Stopped by Thomas Greiss with a rebound.
14:11 of 3rd period - Snap shot by Mattias Tedenby.
14:11 of 3rd period - Stopped by Thomas McCollum with a rebound.
14:13 of 3rd period - Slapshot by Colin Greening.
14:13 of 3rd period - Shot Misses the Net.
14:15 of 3rd period - Slapshot by Justin Braun.
14:15 of 3rd period - Shot Misses the Net.
14:17 of 3rd period - Slapshot by Adam Larsson.
14:17 of 3rd period - Deflect By John Klingberg.
14:17 of 3rd period - Stopped by Thomas McCollum without a rebound.
14:18 of 3rd period - Evgeny Grachev wins face-off versus Jamie Arniel in Influenza zone.
14:25 of 3rd period - Nino Niederreiter is hit by Ben Smith and loses puck.
14:27 of 3rd period - Minor Penalty to Stefan Elliott for Holding.
14:28 of 3rd period - Evgeny Grachev wins face-off versus Petr Pohl in Tamiflu zone.
14:29 of 3rd period - Backhand shot by Jamie Benn.
14:29 of 3rd period - Stopped by Thomas Greiss without a rebound.
14:30 of 3rd period - Petr Pohl wins face-off versus Evgeny Grachev in Tamiflu zone.
16:27 of 3rd period - Penalty to Stefan Elliott is over, Stefan Elliott is back on ice.
16:33 of 3rd period - Justin Braun is hit by Ryan Carter and loses puck.
16:46 of 3rd period - Nino Niederreiter is hit by Ryan Russell and loses puck.
17:05 of 3rd period - Icing by Robert Dome.
17:06 of 3rd period - Jamie Arniel wins face-off versus Mark Scheifele in Tamiflu zone.
17:25 of 3rd period - Snap shot by Greg Mauldin.
17:25 of 3rd period - Shot Blocked by Jeff May.
17:39 of 3rd period - Wrist shot by Mike Duco.
17:39 of 3rd period - Shot Misses the Net.
18:01 of 3rd period - Slapshot by Justin Braun.
18:01 of 3rd period - Shot Misses the Net.
18:19 of 3rd period - Philip Samuelsson is hit by Ben Smith.
18:36 of 3rd period - Jeremy Morin is hit by Jamie Arniel and loses puck.
18:51 of 3rd period - Snap shot by Greg Mauldin.
18:51 of 3rd period - Stopped by Thomas McCollum with a rebound.
18:53 of 3rd period - Slapshot by Philip Samuelsson.
18:53 of 3rd period - Shot Misses the Net.
19:48 of 3rd period - Tobias Rieder is hit by John Klingberg.
Goals for this period are 1 for Tamiflu vs 1 for Influenza.
Shots for this period are 9 for Tamiflu vs 11 for Influenza.
Overtime #1
0:01 of 1st overtime period - Evgeny Grachev wins face-off versus Robert Dome in neutral zone.
0:08 of 1st overtime period - Wrist shot by John Klingberg.
0:08 of 1st overtime period - Shot Blocked by Jordan Hendry.
0:10 of 1st overtime period - Snap shot by Ben Smith.
0:10 of 1st overtime period - Shot Misses the Net.
0:12 of 1st overtime period - Slapshot by Mathieu Carle.
0:12 of 1st overtime period - Shot Blocked by Philip Samuelsson.
0:14 of 1st overtime period - Snap shot by Evgeny Grachev.
0:14 of 1st overtime period - Shot Misses the Net.
0:16 of 1st overtime period - Slapshot by Mathieu Carle.
0:16 of 1st overtime period - Shot Blocked by Jordan Hendry.
2:54 of 1st overtime period - Icing by Jordan Hendry.
2:55 of 1st overtime period - Mark Scheifele wins face-off versus Colin Greening in Tamiflu zone.
3:31 of 1st overtime period - Slapshot by Mark Scheifele.
3:31 of 1st overtime period - Shot Misses the Net.
3:55 of 1st overtime period - Robert Dome is hit by Mark Scheifele and loses puck.
4:03 of 1st overtime period - Icing by Nino Niederreiter.
4:04 of 1st overtime period - Robert Dome wins face-off versus Evgeny Grachev in Tamiflu zone.
4:34 of 1st overtime period - Robert Dome is hit by Matt Corrente and loses puck.
4:41 of 1st overtime period - Matt Corrente is hit by Robert Dome and loses puck.
Goals for this period are 0 for Tamiflu vs 0 for Influenza.
Shots for this period are 0 for Tamiflu vs 0 for Influenza.
ShootOut
5:00 of 1st overtime period - Penalty Shot by Mattias Tedenby for Tamiflu.
5:00 of 1st overtime period - Deke by Mattias Tedenby.
5:00 of 1st overtime period - Stopped by Thomas McCollum.
5:00 of 1st overtime period - Penalty Shot by Jamie Benn for Influenza.
5:00 of 1st overtime period - Deke by Jamie Benn.
5:00 of 1st overtime period - Goal by Jamie Benn.
5:00 of 1st overtime period - Penalty Shot by Jamie Arniel for Tamiflu.
5:00 of 1st overtime period - Wrist shot by Jamie Arniel.
5:00 of 1st overtime period - Goal by Jamie Arniel.
5:00 of 1st overtime period - Penalty Shot by Robbie Earl for Influenza.
5:00 of 1st overtime period - Deke by Robbie Earl.
5:00 of 1st overtime period - Goal by Robbie Earl.
5:00 of 1st overtime period - Penalty Shot by Robert Dome for Tamiflu.
5:00 of 1st overtime period - Snap shot by Robert Dome.
5:00 of 1st overtime period - Stopped by Thomas McCollum.
Back to the Top